 Dungeon Crawl Stone Soup version 0.29-a0-993-g4a18f31a58 (webtiles) character file.

Game seed: 6015153557997876187

5 concernfroge the Trooper (level 1, 0/18 HPs)
             Began as a Mummy Monk on Aug 3, 2022.
             Killed from afar by a dart slug (2 damage)
             ... with a slug dart
             ... on level 1 of the Dungeon.
             The game lasted 00:00:38 (170 turns).

concernfroge the Trooper (Mummy Monk)                Turns: 170, Time: 00:00:39

Health: 0/18       AC:  2    Str: 14    XL:     1   Next: 66%
Magic:  1/1        EV: 12    Int:  9    God:
Gold:   0          SH:  0    Dex: 14    Spells: 0/0 levels left

rFire   x . .      SeeInvis .   a - +0 spear
rCold   + . .      Faith    .   (no shield)
rNeg    + + +      Spirit   .   b - +0 robe
rPois   ∞          Reflect  .   (no helmet)
rElec   .          Harm     .   (no cloak)
rCorr   .          Rampage  .   (no gloves)
Will    .....                   (no boots)
Stlth   ++........              (no amulet)
HPRegen 0.06/turn               (no ring)
MPRegen 0.07/turn               (no ring)

@: no status effects
A: cold resistance 1, negative energy resistance 3, torment resistance 2, heat
vulnerability 1, no potions
a: no special abilities


You were on level 1 of the Dungeon.
You visited 1 branch of the dungeon, and saw 1 of its levels.

Inventory:

Hand Weapons
 a - a +0 spear (weapon)
Armour
 b - a +0 robe (worn)


   Skills:
 + Level 3.4 Fighting
 - Level 2.4 Polearms
 - Level 2.4 Dodging
 - Level 1.5 Stealth


You couldn't memorise any spells.
You didn't know any spells.
Your spell library was empty.

Dungeon Overview and Level Annotations

Branches:
Dungeon (1/15)

Altars:


Innate Abilities, Weirdness & Mutations

You are immune to poison.
Your flesh is cold resistant. (rC+)
You are immune to negative energy. (rN+++)
You are immune to unholy pain and torment.
You are vulnerable to heat. (rF-)
You do not drink.


Message History

You kill the quokka!
The bat misses you.
You reach to attack!
You closely miss the bat. The bat completely misses you.
You reach to attack!
You miss the bat. The bat barely misses you.
A ball python comes into view.
You reach to attack!
The ball python hisses angrily.
You hit the kobold.
You kill the kobold!
The bat closely misses you. The bat hits you but does no damage.
You hit the bat.
The bat is severely wounded.
The bat misses you. The bat closely misses you. The hobgoblin hits you.
You closely miss the bat.
The bat is severely wounded.
The bat completely misses you. The dart slug launches a dart at you.
The slug dart hits you. The hobgoblin closely misses you.
You hit the hobgoblin but do no damage. The bat hits you. x2
The hobgoblin hits you.
* * * LOW HITPOINT WARNING * * *
You aren't carrying any scrolls.
You barely miss the bat.
The bat is severely wounded.
The bat barely misses you. x2; The hobgoblin closely misses you.
Reach: a) +0 spear
Press: ? - help, Dir - move target, f - bat
Aim: a bat (severely wounded, about 50% to evade your +0 spear)
You reach to attack!
You completely miss the bat.
The bat is severely wounded.
The bat misses you.
You closely miss the bat.
The bat is severely wounded.
The bat barely misses you. The hobgoblin closely misses you.
You hit the bat.
You kill the bat!
The hobgoblin barely misses you. The dart slug launches a dart at you.
The slug dart hits you.
You die...

.. #....# #?.
#†...##### #..
#........# #.#
#........#
#...##........########
#w.#>...............#
#b.)w................
#..##†#..........####.
#.. #@#...$......# #.
.. #g#..........# #. +
#S#######....# #. #.#
#....# #. ... #....#
#. ... #..... .. ...
####... .. ..... ....


You could see a dart slug, a hobgoblin and a ball python.

Vanquished Creatures
  A bat (D:1)
  A hobgoblin (D:1)
  2 quokkas (D:1)
  A ball python (D:1)
  A kobold (D:1)
6 creatures vanquished.

Notes
Turn   | Place    | Note
-------+----------+-------------------------------------------
     0 | D:1      | concernfroge the Mummy Monk began the quest for the Orb.
     0 | D:1      | Reached XP level 1. HP: 18/18 MP: 1/1
   170 | D:1      | Killed from afar by a dart slug

Illustrated notes

Levels and vault maps discovered:
D:1:      psy_arrival_radial01, layout_basic,
          dreamdust_ecumenical_altar_sealed_demon, minmay_heptomino_w4

Action                   || total
-------------------------++-------
Melee: Spear             ||    24
 Stab: Sleeping          ||     1
Armor: Robe              ||     3
Dodge: Dodged            ||    21

Table legend: (Time is in decaauts)
 A = Elapsed time spent in this place.
 B = Non-inter-level travel time spent in this place.
 C = Inter-level travel time spent in this place.
 D = Time resting spent in this place.
 E = Time spent auto-exploring this place.
 F = Levels seen in this place.
 G = Mean time per level.
                   A        B        C        D        E       F      G
               +--------+--------+--------+--------+--------+-----+--------+
         Total |    169 |    169 |      0 |      0 |    132 |   1 |  169.0 |
       Dungeon |    169 |    169 |      0 |      0 |    132 |   1 |  169.0 |
               +--------+--------+--------+--------+--------+-----+--------+

Top non-repeatable levels by time:
     D:1: 169 daAuts
